 Dungeon Crawl Stone Soup version 0.29.0 (webtiles) character file.

Game seed: 15440101222275645698

2205 bonscott the Reanimator (level 9, 0/44 (46) HPs)
             Began as a Deep Elf Necromancer on Sept 10, 2022.
             Slain by a gnoll sergeant
             ... wielding a +0 trident
              (13 damage)
             ... on level 7 of the Dungeon.
             The game lasted 00:30:30 (7153 turns).

bonscott the Reanimator (Deep Elf Necromancer)      Turns: 7153, Time: 00:30:30

HP:   0/44 (46)     AC:  8    Str:  5    XL:     9   Next: 12%
MP:   22/24         EV: 10    Int: 25    God:
Gold: 421           SH:  0    Dex: 21    Spells: 21/27 levels left

rFire   . . .      SeeInvis .   a - +2 sling (freeze)
rCold   . . .      Faith    .   (no shield)
rNeg    . . .      Spirit   .   k - +0 ring mail
rPois   .          Reflect  .   (no helmet)
rElec   .          Harm     .   w - +0 cloak
rCorr   .          Rampage  .   A - +0 pair of gloves
Will    +....                   (no boots)
Stlth   ++........              B - amulet of the acrobat
HPRegen 0.14/turn               i - ring of willpower
MPRegen 0.19/turn               q - +6 ring of dexterity

@: lightly drained
A: no striking features
a: no special abilities


You were on level 7 of the Dungeon.
You visited 2 branches of the dungeon, and saw 8 of its levels.

You collected 421 gold pieces.

Inventory:

Hand Weapons
 a - a +2 sling of freezing (weapon)
 b - the +10 hand axe "Reahud" {elec, rF+ Str+5}
   (You found it on level 5 of the Dungeon)

   It occasionally discharges a powerful burst of electricity upon striking a
   foe.
   Str:       It affects your strength (+5).
   rF:        It protects you from fire.
 v - a +3 dagger of draining
 G - a +0 shortbow
 L - a +1 dagger of holy wrath
 M - a +0 flail of venom
 P - a +3 trident of freezing
Missiles
 d - 17 poisoned darts
 E - a throwing net
 I - 7 boomerangs
Armour
 k - a +0 ring mail (worn)
 w - a +0 cloak (worn)
 A - a +0 pair of gloves (worn)
 C - an orb of mayhem
Jewellery
 i - a ring of willpower (left hand)
 q - a +6 ring of dexterity (right hand)
 B - an amulet of the acrobat (around neck)
Wands
 f - a wand of flame (6)
 p - a wand of paralysis (6)
Scrolls
 c - a scroll of poison {unknown}
 g - a scroll of amnesia
 j - a scroll of silence {unknown}
 r - a scroll of torment {unknown}
 t - 2 scrolls of teleportation
 u - a scroll of immolation {unknown}
 y - a scroll of vulnerability
 D - a scroll of fear {unknown}
 F - a scroll of enchant armour {unknown}
 J - a scroll of magic mapping {unknown}
 O - a scroll of brand weapon {unknown}
Potions
 e - 2 potions of flight
 h - 2 potions of mutation
 l - 6 potions of cancellation
 m - a potion of lignification
 n - 4 potions of attraction {unknown}
 o - 6 potions of curing
 s - 2 potions of invisibility
 x - a potion of might {unknown}
 z - 2 potions of haste {unknown}
 H - a potion of brilliance {unknown}
 K - 2 potions of magic


   Skills:
 + Level 0.8 Fighting
 + Level 0.0 Ranged Weapons
 - Level 5.1 Armour
 - Level 2.4 Dodging
 - Level 2.4 Stealth
 - Level 1.5 Unarmed Combat
 + Level 9.7 Spellcasting
 + Level 9.8 Necromancy
 + Level 0.0 Translocations


You had 21 spell levels left.
You knew the following spells:

 Your Spells              Type           Power      Damage    Failure   Level
i - Necrotise             Necr           100%       1d9       1%          1
m - Vampiric Draining     Necr           57%        2d10      1%          3
q - Blink                 Tloc           24%        N/A       30%         2

Your spell library contained the following spells:

 Spells                   Type           Power      Damage    Failure   Level
 Animate Dead             Necr           57%        N/A       3%          4
 Agony                    Necr           57%        N/A       11%         5
 Lesser Beckoning         Tloc           12%        N/A       52%         3
 Tukima's Dance           Hex            12%        N/A       52%         3
 Passage of Golubria      Tloc           12%        N/A       90%         4
 Manifold Assault         Tloc           12%        N/A       99%         5
 Yara's Violent Unravell  Hex/Tmut       6%         3d5       99%         5


Dungeon Overview and Level Annotations

Branches:
Dungeon (7/15)             Temple (1/1) D:5

Altars:
Ashenzari
Elyvilon
Hepliaklqana
Makhleb
Nemelex Xobeh
Okawaru
Qazlal
Ru
Sif Muna
Trog
Uskayaw
Wu Jian
Xom
Yredelemnul
Zin
The Shining One

Shops:
D:5 (   D:6 (

Annotations:
D:6 3 runed translucent doors, Tommy's ghost, novice OpTm; Vixxxy's ghost, novice HOFi


Message History

There is a stone staircase leading up here.
The +10 hand axe "Reahud" {elec, rF+ Str+5} stops crackling.
Your +2 sling of freezing is covered in frost.
a - a +2 sling of freezing (weapon)
You shoot a sling bullet.
The sling bullet closely misses the gnoll.
You hear a shout!
The gnoll closely misses you.
A gnoll sergeant comes into view. It is wielding a +0 trident.
You shoot a sling bullet. The sling bullet hits the gnoll.
The sling bullet freezes the gnoll.
The gnoll is heavily wounded.
The gnoll hits you but does no damage.
You shoot a sling bullet.
The sling bullet barely misses the gnoll.
The sling bullet hits the gnoll.
The sling bullet freezes the gnoll.
The gnoll is severely wounded.
The gnoll hits you from afar with a +0 halberd.
You shoot a sling bullet.
The sling bullet hits the gnoll sergeant but does no damage.
The gnoll sergeant hits you from afar with a +0 trident. x2
You shoot a sling bullet.
The sling bullet hits the gnoll sergeant.
The sling bullet freezes the gnoll sergeant.
The gnoll sergeant is lightly wounded.
The gnoll sergeant hits you from afar with a +0 trident.
The gnoll sergeant writhes in agony!
The gnoll sergeant hits you from afar with a +0 trident!
You are too injured to fight recklessly!
You are too injured to fight recklessly!
Casting: Necrotise (safe; 1% risk of failure)
Confirm with . or Enter, or press ? or * to list all spells.
Aiming: Necrotise (safe; 1% risk of failure)
Press: ? - help, Shift-Dir - straight line, f/p - gnoll sergeant
Aim: a gnoll sergeant, wielding a +0 trident, wearing a +0 ring mail and wearing a +0 buckler (heavily wounded, chance to affect: 83%)
The gnoll sergeant writhes in agony.
The gnoll sergeant hits you from afar with a +0 trident!
* * * LOW HITPOINT WARNING * * *
The gnoll sergeant hits you from afar with a +0 trident!
You die... .#.#######g# .......@.gg# .###########

You could see a gnoll sergeant and 2 gnolls.

Vanquished Creatures
  A wraith (D:5)
  A water moccasin (D:5)
  3 orc warriors
  An ice beast (D:6)
  2 black bears (D:5)
  An ogre (D:5)
  A centaur (D:5)
  2 phantoms (D:5)
  4 scorpions
  5 wights
  A jelly (D:5)
  3 hounds
  4 orc priests
  6 orc wizards (D:5)
  An iguana (D:5)
  7 adders
  A shadow imp (D:5)
  2 white imps (D:6)
  2 ufetubi (D:5)
  2 worms
  2 dart slugs
  15 orcs
  7 ball pythons
  7 endoplasms
  3 giant cockroaches
  5 goblins
  4 hobgoblins
  5 jackals (D:2)
  6 kobolds
  5 quokkas
  5 bats
  4 frilled lizards
  5 rats
123 creatures vanquished.

Vanquished Creatures (others)
  5 withered plants (D:6)
5 creatures vanquished.

Grand Total: 128 creatures vanquished

Notes
Turn   | Place    | Note
-------+----------+-------------------------------------------
     0 | D:1      | bonscott the Deep Elf Necromancer began the quest for the
                  | Orb.
     0 | D:1      | Reached XP level 1. HP: 10/10 MP: 6/6
   367 | D:1      | Reached skill level 5 in Necromancy
   660 | D:1      | Reached XP level 2. HP: 15/15 MP: 6/8
  1324 | D:2      | Reached XP level 3. HP: 19/19 MP: 3/10
  1477 | D:2      | Found a faded altar of an unknown god.
  2023 | D:3      | Reached XP level 4. HP: 24/24 MP: 6/12
  2029 | D:3      | Learned a level 3 spell: Vampiric Draining
  2330 | D:3      | Found a hazy altar of Hepliaklqana.
  2475 | D:3      | Found a burning altar of Makhleb.
  2475 | D:3      | Noticed a green death
  2640 | D:3      | Reached skill level 5 in Spellcasting
  2820 | D:4      | Noticed a scorpion
  2823 | D:4      | Killed a scorpion
  2824 | D:4      | Reached skill level 1 in Armour
  2824 | D:4      | Reached XP level 5. HP: 26/28 MP: 6/14
  3655 | D:5      | Entered Level 5 of the Dungeon
  3655 | D:5      | Found Tuuz Pin's Weapon Emporium.
  3859 | D:5      | Noticed a water moccasin
  3865 | D:5      | Killed a water moccasin
  3866 | D:5      | Reached XP level 6. HP: 32/32 MP: 4/17
  3979 | D:5      | Noticed an orc warrior
  4009 | D:4      | Killed an orc warrior
  4010 | D:4      | Reached XP level 7. HP: 36/36 MP: 7/19
  4291 | D:5      | Identified the +10 hand axe "Reahud" {elec, rF+ Str+5}
  4625 | D:5      | Reached XP level 8. HP: 37/41 MP: 22/22
  4905 | D:5      | Found a staircase to the Ecumenical Temple.
  4919 | Temple   | Entered the Ecumenical Temple
  5071 | D:5      | Found a hide-covered altar of Uskayaw.
  5286 | D:6      | Found Zixkarph's Antique Weapon Emporium.
  5299 | D:5      | HP: 2/41 [orc warrior/+0 dire flail (16)]
  5569 | D:6      | Found a shimmering altar of Xom.
  5883 | D:6      | Reached skill level 5 in Armour
  6137 | D:6      | Reached skill level 1 in Unarmed Combat
  6168 | D:6      | Found a runed translucent gate.
  6168 | D:6      | Found a runed translucent gate.
  6168 | D:6      | Found a runed translucent gate.
  6191 | D:6      | Reached XP level 9. HP: 36/45 MP: 24/24
  6260 | D:6      | Noticed Tommy's ghost (novice OpTm)
  6260 | D:6      | Noticed Vixxxy's ghost (novice HOFi)
  7143 | D:6      | Learned a level 2 spell: Blink
  7153 | D:7      | Slain by a gnoll sergeant

Illustrated notes

Levels and vault maps discovered:
D:1:      minmay_arrival_jagged, layout_basic
D:2:      layout_basic, hellmonk_ecumenical_altar_pennies_from_heaven,
          minmay_ruptured
D:3:      layout_basic, makhleb_altar_promises_db,
          mainiacjoe_overflow_tiny_flanked
D:4:      layout_basic
D:5:      cheibrodos_fzero, layout_loops_ring, mainiacjoe_overflow_24_doors,
          minmay_temple_entry_mini_moons, serial_shops, shop
D:6:      layout_rooms, xom_teletrap_fun, serial_shops, shop,
          gammafunk_ghost_cemetery
D:7:      layout_loops_ring, marbit_many_paths, lemuel_doored_altar,
          nrook_pool_corridor, item_on_display_a
Temple:   nicolae_temple_x_marks_the_god

Skill      XL: |  1  2  3  4  5  6  7  8 |
---------------+-------------------------+-----
Necromancy     | 5 6 7 8 9 |  9.8
Spellcasting   | 4 5 6 8 9 |  9.7
Armour         | 1 2 3 5 |  5.1
Unarmed Combat | 1 |  1.5
Fighting       | |  0.8
Dodging        | |  2.4
Stealth        | |  2.4

Action                   |  1- 3 |  4- 6 |  7- 9 || total
-------------------------+-------+-------+-------++-------
Melee: Dagger            |       |    10 |     9 ||    19
       Hand axe          |       |       |    80 ||    80
       Punch             |       |       |     2 ||     2
 Fire: Sling             |       |       |    29 ||    29
       Shortbow          |       |       |     7 ||     7
Throw: Dart              |     1 |     1 |     2 ||     4
       Boomerang         |       |       |     7 ||     7
 Cast: Necrotise         |    61 |    71 |    40 ||   172
       Vampiric Draining |       |     8 |    20 ||    28
Evoke: Wand              |       |       |     4 ||     4
  Use: Scroll            |     4 |       |     5 ||     9
       Potion            |       |       |     2 ||     2
 Stab: Distracted        |       |     1 |       ||     1
       Sleeping          |       |       |     1 ||     1
Armor: Robe              |     2 |     2 |     8 ||    12
       Ring mail         |       |       |    28 ||    28
       Skin              |       |       |     3 ||     3
Dodge: Dodged            |     6 |     6 |    89 ||   101
